Bruins vs Devils

Created - January 12 2007 at 18:36

Goals
1 2 3 T
Bruins 1 3 0 4
Devils 1 1 1 3
Shots
1 2 3 T
Bruins 12 11 7 30
Devils 12 5 11 28

Period #1

1. Devils , Chris Chelios 1 (Brian Gionta, Mike Ribeiro) at 6:07
2. Bruins , Brad Boyes 5 (Patrice Bergeron, Paul Mara) at 11:36 (PP)

Penalities :
Brad Boyes (BOS) for High sticking (Minor) at 2:04, Paul Mara (BOS) for Holding (Minor) at 8:20, Miroslav Satan (NJD) for Cross-checking (Minor) at 9:48, Sean Avery (BOS) for Interference (Minor) at 16:18

Period #2

3. Bruins , Patrice Bergeron 9 (Marco Sturm, Zdeno Chara) at 0:13
4. Bruins , Brad Boyes 6 (Zdeno Chara) at 9:23
5. Bruins , Rostislav Klesla 2 (Patrice Bergeron, Glen Murray) at 10:50
6. Devils , Mike Comrie 4 (Paul Martin, Chris Campoli) at 17:33 (PP)

Penalities :
Patrik Elias (NJD) for High sticking (Minor) at 0:26, Kirk Maltby (BOS) for Cross-checking (Minor) at 6:47, Paul Mara (BOS) for Holding (Minor) at 11:52, Sean Avery (BOS) for Tripping (Minor) at 17:01

Period #3

7. Devils , Mike Comrie 5 (Mike Ribeiro, Chris Chelios) at 10:05

Penalities :
Chris Campoli (NJD) for Fighting (Major) at 3:13, Jiri Slegr (BOS) for Fighting (Major) at 3:13, Zdeno Chara (BOS) for Cross-checking (Minor) at 16:43

Goalie Stats

Alexander Auld (BOS), 25 saves from 28 shots - (0.893), W, 3-2-2, 60:00 minutes
Martin Brodeur (NJD), 26 saves from 30 shots - (0.867), L, 11-5-0, 60:00 minutes

Players Stats

Bruins
Player Name              G  A  P  +/- PIM S  H  SB FO MP 
-----------------------------------------------------------
Brad Boyes               2  0  2   0  2   3  2  0  0  18 
Brian Leetch             0  0  0   0  0   1  1  2  0  23 
Georges Laraque          0  0  0   1  0   0  0  0  0  9  
Glen Murray              0  1  1   2  0   1  1  0  2  19 
Jiri Slegr               0  0  0  -1  5   2  3  1  0  14 
Kirk Maltby              0  0  0   1  2   0  0  0  1  9  
Marco Sturm              0  1  1   2  0   3  0  0  1  13 
Mattias Norstrom         0  0  0  -1  0   1  0  2  0  19 
P.J. Axelsson            0  0  0  -1  0   0  0  1  3  14 
Patrice Bergeron         1  2  3   2  0   5  0  1  27 21 
Paul Mara                0  1  1  -1  4   3  0  0  0  23 
Pavel Datsyuk            0  0  0  -1  0   2  1  0  19 17 
Rick Nash                0  0  0  -1  0   4  0  0  5  18 
Rostislav Klesla         1  0  1   1  0   2  1  2  0  20 
Sean Avery               0  0  0  -1  4   0  3  0  12 15 
Shean Donovan            0  0  0  -1  0   2  1  0  0  14 
Wayne Primeau            0  0  0   1  0   0  1  0  10 13 
Zdeno Chara              0  2  2   3  2   1  1  2  0  22 
Devils
Player Name              G  A  P  +/- PIM S  H  SB FO MP 
-----------------------------------------------------------
Brian Gionta             0  1  1   0  0   1  0  0  3  21 
Brian Rafalski           0  0  0  -1  0   0  0  3  0  24 
Chris Campoli            0  1  1   0  5   1  1  2  0  20 
Chris Chelios            1  1  2   0  0   1  0  0  0  18 
Colin White              0  0  0  -1  0   1  1  1  0  23 
Jamie Langenbrunner      0  0  0  -1  0   3  0  0  1  10 
Jay Pandolfo             0  0  0  -1  0   1  0  0  0  8  
John Madden              0  0  0   0  0   5  0  1  2  18 
Juraj Kolnik             0  0  0   0  0   0  0  0  0  15 
Mike Comrie              2  0  2   0  0   2  0  0  19 20 
Mike Ribeiro             0  2  2   0  0   1  0  0  1  19 
Miroslav Satan           0  0  0   0  2   0  1  0  3  14 
Patrik Elias             0  0  0   0  2   6  1  1  3  17 
Paul Martin              0  1  1   0  0   0  0  1  0  23 
Richard Matvichuk        0  0  0   0  0   1  0  0  0  16 
Scott Gomez              0  0  0   0  0   2  0  0  24 19 
Sergei Brylin            0  0  0  -1  0   1  0  0  9  8  
Zach Parise              0  0  0   0  0   2  0  0  15 14 

3 Stars

1 - Patrice Bergeron (BOS)
2 - Brad Boyes (BOS)
3 - Mike Comrie (NJD)

Power Play

Bruins - 1 on 2 Attempt(s) - 50.00%
Devils - 1 on 7 Attempt(s) - 14.29%

Penalty Kill

Bruins - 6 on 7 Attempt(s) - 85.71% - Score 0 goal in Penalty Kill
Devils - 1 on 2 Attempt(s) - 50.00% - Score 0 goal in Penalty Kill

Game Notes

Chris Campoli and Jiri Slegr fight to a draw at 3:13 of 3rd period

Finance

Level 1 -- Attendance: 5117 (78.72%) -- Ticket Income $511,700.00
Level 2 -- Attendance: 4655 (84.03%) -- Ticket Income $279,300.00
Level 3 -- Attendance: 1895 (94.77%) -- Ticket Income $66,325.00
Level 4 -- Attendance: 3673 (91.81%) -- Ticket Income $73,460.00
Luxury Box -- Attendance: 671 (67.13%) -- Ticket Income $134,200.00
Game was played at the Continental Airlines Arena
Total Attendance: 16011 (84.09%)
Total Ticket Income: $1,110,229.00
Other Expense: $102,935.60
Total Income: $1,007,293.00


Play by Play

Period #1

0:01 of 1st period - Scott Gomez wins face-off versus Pavel Datsyuk in neutral zone.
0:06 of 1st period - Shot by Scott Gomez.
0:06 of 1st period - Stopped by Alexander Auld without a rebound.
0:07 of 1st period - Mike Comrie wins face-off versus Patrice Bergeron in Bruins zone.
0:09 of 1st period - Brian Gionta is hit by Rostislav Klesla and loses puck.
1:18 of 1st period - Scott Gomez is hit by Brian Leetch and loses puck.
1:50 of 1st period - Shot by Scott Gomez.
1:50 of 1st period - Shot Misses the Net.
1:53 of 1st period - Shot by Scott Gomez.
1:53 of 1st period - Shot Misses the Net.
1:56 of 1st period - Shot by Patrik Elias.
1:56 of 1st period - Shot Misses the Net.
2:04 of 1st period - Minor Penalty to Brad Boyes for High sticking.
2:05 of 1st period - Mike Comrie wins face-off versus Glen Murray in Bruins zone.
3:18 of 1st period - Shot by John Madden.
3:18 of 1st period - Stopped by Alexander Auld without a rebound.
3:19 of 1st period - Patrice Bergeron wins face-off versus Mike Comrie in Bruins zone.
3:32 of 1st period - Shot by Brian Gionta.
3:32 of 1st period - Shot Misses the Net.
4:17 of 1st period - Shot by Zach Parise.
4:17 of 1st period - Shot Misses the Net.
4:22 of 1st period - Shot by John Madden.
4:22 of 1st period - Stopped by Alexander Auld without a rebound.
4:23 of 1st period - Sergei Brylin wins face-off versus Pavel Datsyuk in Bruins zone.
4:23 of 1st period - Jamie Langenbrunner is hit by Brad Boyes and loses puck.
4:29 of 1st period - Shot by Brad Boyes.
4:29 of 1st period - Shot Misses the Net.
4:30 of 1st period - Shot by Pavel Datsyuk.
4:30 of 1st period - Stopped by Martin Brodeur without a rebound.
4:31 of 1st period - John Madden wins face-off versus Wayne Primeau in Devils zone.
5:39 of 1st period - Jamie Langenbrunner is hit by Shean Donovan and loses puck.
5:45 of 1st period - Shot by Jamie Langenbrunner.
5:45 of 1st period - Stopped by Alexander Auld with a rebound.
5:46 of 1st period - Shot by Colin White.
5:46 of 1st period - Shot Misses the Net.
5:47 of 1st period - Shot by Colin White.
5:47 of 1st period - Stopped by Alexander Auld without a rebound.
5:48 of 1st period - Mike Comrie wins face-off versus Pavel Datsyuk in Bruins zone.
5:48 of 1st period - Mike Ribeiro is hit by Pavel Datsyuk and loses puck.
6:06 of 1st period - Shot by Brian Gionta.
6:06 of 1st period - Shot Misses the Net.
6:07 of 1st period - Shot by Chris Chelios.
6:07 of 1st period - Goal by Chris Chelios.
6:08 of 1st period - Scott Gomez wins face-off versus Patrice Bergeron in neutral zone.
8:10 of 1st period - Zach Parise is hit by Sean Avery and loses puck.
8:20 of 1st period - Shot by Zach Parise.
8:20 of 1st period - Stopped by Alexander Auld without a rebound.
8:20 of 1st period - Minor Penalty to Paul Mara for Holding.
8:21 of 1st period - Patrice Bergeron wins face-off versus Scott Gomez in Bruins zone.
8:22 of 1st period - Patrice Bergeron wins face-off versus Miroslav Satan in Bruins zone.
8:36 of 1st period - Icing by Scott Gomez.
8:37 of 1st period - Scott Gomez wins face-off versus Patrice Bergeron in Devils zone.
8:48 of 1st period - Shot by Patrik Elias.
8:48 of 1st period - Stopped by Alexander Auld without a rebound.
8:49 of 1st period - Mike Comrie wins face-off versus Patrice Bergeron in Bruins zone.
8:50 of 1st period - Shot by Mike Ribeiro.
8:50 of 1st period - Stopped by Alexander Auld without a rebound.
8:51 of 1st period - Patrice Bergeron wins face-off versus Mike Comrie in Bruins zone.
9:26 of 1st period - Shot by Mike Ribeiro.
9:26 of 1st period - Shot Blocked by Jiri Slegr.
9:48 of 1st period - Minor Penalty to Miroslav Satan for Cross-checking.
9:49 of 1st period - Patrik Elias wins face-off versus Pavel Datsyuk in neutral zone.
9:54 of 1st period - Shot by Patrik Elias.
9:54 of 1st period - Stopped by Alexander Auld without a rebound.
9:55 of 1st period - Scott Gomez wins face-off versus Glen Murray in Bruins zone.
9:56 of 1st period - Shot by Patrik Elias.
9:56 of 1st period - Shot Misses the Net.
10:13 of 1st period - Shot by Patrik Elias.
10:13 of 1st period - Shot Misses the Net.
10:46 of 1st period - Shot by Patrice Bergeron.
10:46 of 1st period - Stopped by Martin Brodeur without a rebound.
10:47 of 1st period - Pavel Datsyuk wins face-off versus Scott Gomez in Devils zone.
11:36 of 1st period - Shot by Brad Boyes.
11:36 of 1st period - Goal by Brad Boyes.
11:37 of 1st period - Sean Avery wins face-off versus Mike Ribeiro in neutral zone.
11:44 of 1st period - Shot by Jiri Slegr.
11:44 of 1st period - Stopped by Martin Brodeur without a rebound.
11:45 of 1st period - Zach Parise wins face-off versus Sean Avery in Devils zone.
12:06 of 1st period - Shot by Shean Donovan.
12:06 of 1st period - Shot Blocked by Chris Campoli.
12:07 of 1st period - Shot by Sean Avery.
12:07 of 1st period - Shot Misses the Net.
12:56 of 1st period - Shot by Georges Laraque.
12:56 of 1st period - Shot Blocked by Chris Campoli.
13:11 of 1st period - Shot by Marco Sturm.
13:11 of 1st period - Stopped by Martin Brodeur without a rebound.
13:12 of 1st period - Scott Gomez wins face-off versus Rick Nash in Devils zone.
13:20 of 1st period - Off-side.
13:21 of 1st period - Patrice Bergeron wins face-off versus Mike Comrie in neutral zone.
13:26 of 1st period - Shot by Patrice Bergeron.
13:26 of 1st period - Stopped by Martin Brodeur without a rebound.
13:27 of 1st period - Pavel Datsyuk wins face-off versus Scott Gomez in Devils zone.
13:52 of 1st period - Shot by Patrik Elias.
13:52 of 1st period - Shot Misses the Net.
13:57 of 1st period - Shot by Scott Gomez.
13:57 of 1st period - Shot Blocked by Mattias Norstrom.
14:02 of 1st period - Shot by Miroslav Satan.
14:02 of 1st period - Shot Misses the Net.
14:05 of 1st period - Shot by Patrik Elias.
14:05 of 1st period - Stopped by Alexander Auld without a rebound.
14:06 of 1st period - Brian Gionta wins face-off versus Sean Avery in Bruins zone.
14:30 of 1st period - Mike Ribeiro is hit by Sean Avery and loses puck.
15:58 of 1st period - Shot by Brad Boyes.
15:58 of 1st period - Stopped by Martin Brodeur with a rebound.
16:01 of 1st period - Shot by Pavel Datsyuk.
16:01 of 1st period - Shot Misses the Net.
16:06 of 1st period - Shot by Brad Boyes.
16:06 of 1st period - Shot Misses the Net.
16:18 of 1st period - Minor Penalty to Sean Avery for Interference.
16:19 of 1st period - Scott Gomez wins face-off versus Patrice Bergeron in Devils zone.
17:13 of 1st period - Icing by Jamie Langenbrunner.
17:14 of 1st period - Jamie Langenbrunner wins face-off versus Rick Nash in Devils zone.
19:19 of 1st period - Shot by John Madden.
19:19 of 1st period - Stopped by Alexander Auld without a rebound.
19:20 of 1st period - Pavel Datsyuk wins face-off versus Sergei Brylin in Bruins zone.
19:27 of 1st period - Shot by Rick Nash.
19:27 of 1st period - Shot Blocked by Brian Rafalski.
19:38 of 1st period - Shot by Brad Boyes.
19:38 of 1st period - Stopped by Martin Brodeur with a rebound.
19:39 of 1st period - Shot by Brian Leetch.
19:39 of 1st period - Stopped by Martin Brodeur with a rebound.
19:42 of 1st period - Shot by Brad Boyes.
19:42 of 1st period - Stopped by Martin Brodeur with a rebound.
19:43 of 1st period - Shot by Mattias Norstrom.
19:43 of 1st period - Stopped by Martin Brodeur without a rebound.
19:44 of 1st period - Patrice Bergeron wins face-off versus Mike Comrie in Devils zone.
19:57 of 1st period - Shot by Marco Sturm.
19:57 of 1st period - Stopped by Martin Brodeur without a rebound.
19:58 of 1st period - Scott Gomez wins face-off versus Kirk Maltby in Devils zone.

Period #2

0:01 of 2nd period - Pavel Datsyuk wins face-off versus Miroslav Satan in neutral zone.
0:06 of 2nd period - Shot by Pavel Datsyuk.
0:06 of 2nd period - Stopped by Martin Brodeur without a rebound.
0:07 of 2nd period - Mike Comrie wins face-off versus Patrice Bergeron in Devils zone.
0:07 of 2nd period - Paul Martin is hit by Zdeno Chara and loses puck.
0:13 of 2nd period - Shot by Patrice Bergeron.
0:13 of 2nd period - Goal by Patrice Bergeron.
0:14 of 2nd period - Scott Gomez wins face-off versus Pavel Datsyuk in neutral zone.
0:26 of 2nd period - Minor Penalty to Patrik Elias for High sticking.
0:27 of 2nd period - Scott Gomez wins face-off versus Patrice Bergeron in neutral zone.
0:47 of 2nd period - Off-side.
0:48 of 2nd period - Pavel Datsyuk wins face-off versus Sergei Brylin in neutral zone.
1:27 of 2nd period - Shot by Rick Nash.
1:27 of 2nd period - Shot Misses the Net.
1:28 of 2nd period - Shot by Pavel Datsyuk.
1:28 of 2nd period - Shot Misses the Net.
1:29 of 2nd period - Shot by Rick Nash.
1:29 of 2nd period - Shot Misses the Net.
1:30 of 2nd period - Shot by Zdeno Chara.
1:30 of 2nd period - Stopped by Martin Brodeur without a rebound.
1:31 of 2nd period - Sergei Brylin wins face-off versus Patrice Bergeron in Devils zone.
1:40 of 2nd period - Shot by Patrice Bergeron.
1:40 of 2nd period - Shot Misses the Net.
1:43 of 2nd period - Shot by Patrice Bergeron.
1:43 of 2nd period - Shot Blocked by Colin White.
1:48 of 2nd period - Shot by Patrice Bergeron.
1:48 of 2nd period - Stopped by Martin Brodeur with a rebound.
1:49 of 2nd period - Shot by Paul Mara.
1:49 of 2nd period - Stopped by Martin Brodeur with a rebound.
1:52 of 2nd period - Shot by Brad Boyes.
1:52 of 2nd period - Shot Misses the Net.
1:53 of 2nd period - Shot by Rostislav Klesla.
1:53 of 2nd period - Stopped by Martin Brodeur without a rebound.
1:54 of 2nd period - Scott Gomez wins face-off versus Patrice Bergeron in Devils zone.
4:10 of 2nd period - Icing by Mattias Norstrom.
4:11 of 2nd period - Pavel Datsyuk wins face-off versus Scott Gomez in Bruins zone.
4:36 of 2nd period - Shot by Rick Nash.
4:36 of 2nd period - Stopped by Martin Brodeur without a rebound.
4:37 of 2nd period - Patrice Bergeron wins face-off versus Sergei Brylin in Devils zone.
6:22 of 2nd period - Shot by Mike Comrie.
6:22 of 2nd period - Shot Misses the Net.
6:26 of 2nd period - Chris Chelios is hit by Jiri Slegr and loses puck.
6:47 of 2nd period - Minor Penalty to Kirk Maltby for Cross-checking.
6:48 of 2nd period - Scott Gomez wins face-off versus Wayne Primeau in neutral zone.
8:54 of 2nd period - Off-side.
8:55 of 2nd period - Zach Parise wins face-off versus Wayne Primeau in neutral zone.
8:59 of 2nd period - Icing by Zdeno Chara.
9:00 of 2nd period - Wayne Primeau wins face-off versus Sergei Brylin in Bruins zone.
9:23 of 2nd period - Shot by Brad Boyes.
9:23 of 2nd period - Goal by Brad Boyes.
9:24 of 2nd period - Zach Parise wins face-off versus Rick Nash in neutral zone.
9:31 of 2nd period - Shot by Juraj Kolnik.
9:31 of 2nd period - Shot Blocked by Brian Leetch.
10:17 of 2nd period - P.J. Axelsson is hit by Chris Campoli and loses puck.
10:23 of 2nd period - Shot by P.J. Axelsson.
10:23 of 2nd period - Shot Blocked by John Madden.
10:24 of 2nd period - Shot by Shean Donovan.
10:24 of 2nd period - Stopped by Martin Brodeur with a rebound.
10:49 of 2nd period - Shot by Patrice Bergeron.
10:49 of 2nd period - Shot Misses the Net.
10:50 of 2nd period - Shot by Rostislav Klesla.
10:50 of 2nd period - Goal by Rostislav Klesla.
10:51 of 2nd period - Scott Gomez wins face-off versus Wayne Primeau in neutral zone.
10:56 of 2nd period - Shot by Patrik Elias.
10:56 of 2nd period - Shot Hit the Post.
11:04 of 2nd period - Brian Leetch is hit by Patrik Elias and loses puck.
11:32 of 2nd period - Shot by Patrice Bergeron.
11:32 of 2nd period - Shot Misses the Net.
11:35 of 2nd period - Shot by Glen Murray.
11:35 of 2nd period - Shot Blocked by Patrik Elias.
11:36 of 2nd period - Shot by Zdeno Chara.
11:36 of 2nd period - Shot Misses the Net.
11:37 of 2nd period - Shot by Zdeno Chara.
11:37 of 2nd period - Shot Blocked by Brian Rafalski.
11:38 of 2nd period - Shot by Paul Mara.
11:38 of 2nd period - Shot Misses the Net.
11:52 of 2nd period - Minor Penalty to Paul Mara for Holding.
11:53 of 2nd period - Mike Comrie wins face-off versus Patrice Bergeron in neutral zone.
13:23 of 2nd period - Icing by Miroslav Satan.
13:24 of 2nd period - Wayne Primeau wins face-off versus Scott Gomez in Devils zone.
15:18 of 2nd period - Brian Gionta is hit by Wayne Primeau and loses puck.
15:47 of 2nd period - Kirk Maltby is hit by Colin White and loses puck.
16:37 of 2nd period - Shot by Zach Parise.
16:37 of 2nd period - Stopped by Alexander Auld without a rebound.
16:38 of 2nd period - Zach Parise wins face-off versus Sean Avery in Bruins zone.
16:56 of 2nd period - John Madden is hit by Jiri Slegr and loses puck.
17:01 of 2nd period - Minor Penalty to Sean Avery for Tripping.
17:02 of 2nd period - Patrice Bergeron wins face-off versus Scott Gomez in Bruins zone.
17:11 of 2nd period - Shot by Patrik Elias.
17:11 of 2nd period - Stopped by Alexander Auld without a rebound.
17:12 of 2nd period - Mike Comrie wins face-off versus Patrice Bergeron in Bruins zone.
17:27 of 2nd period - Shot by Mike Comrie.
17:27 of 2nd period - Shot Blocked by Patrice Bergeron.
17:28 of 2nd period - Shot by Chris Campoli.
17:28 of 2nd period - Shot Blocked by Rostislav Klesla.
17:33 of 2nd period - Shot by Mike Comrie.
17:33 of 2nd period - Goal by Mike Comrie.
17:34 of 2nd period - Scott Gomez wins face-off versus Pavel Datsyuk in neutral zone.
17:41 of 2nd period - Shot by Scott Gomez.
17:41 of 2nd period - Stopped by Alexander Auld without a rebound.
17:42 of 2nd period - Sergei Brylin wins face-off versus Pavel Datsyuk in Bruins zone.
17:46 of 2nd period - Jamie Langenbrunner is hit by Brad Boyes and loses puck.
19:26 of 2nd period - Shot by Zach Parise.
19:26 of 2nd period - Shot Blocked by Zdeno Chara.
19:27 of 2nd period - Shot by Richard Matvichuk.
19:27 of 2nd period - Stopped by Alexander Auld without a rebound.
19:28 of 2nd period - Zach Parise wins face-off versus P.J. Axelsson in Bruins zone.
19:41 of 2nd period - Shot by Shean Donovan.
19:41 of 2nd period - Stopped by Martin Brodeur without a rebound.
19:42 of 2nd period - Scott Gomez wins face-off versus Sean Avery in Devils zone.
19:56 of 2nd period - P.J. Axelsson is hit by Miroslav Satan and loses puck.

Period #3

0:01 of 3rd period - Pavel Datsyuk wins face-off versus Scott Gomez in neutral zone.
0:03 of 3rd period - Off-side.
0:04 of 3rd period - Scott Gomez wins face-off versus Patrice Bergeron in neutral zone.
0:19 of 3rd period - Shot by Miroslav Satan.
0:19 of 3rd period - Stopped by Alexander Auld with a rebound.
0:20 of 3rd period - Shot by Brian Rafalski.
0:20 of 3rd period - Shot Blocked by Zdeno Chara.
0:39 of 3rd period - Shot by Patrik Elias.
0:39 of 3rd period - Shot Blocked by Rostislav Klesla.
1:22 of 3rd period - Shot by Rick Nash.
1:22 of 3rd period - Stopped by Martin Brodeur without a rebound.
1:23 of 3rd period - P.J. Axelsson wins face-off versus Zach Parise in Devils zone.
1:29 of 3rd period - Icing by Zach Parise.
1:30 of 3rd period - Sean Avery wins face-off versus Zach Parise in Devils zone.
1:52 of 3rd period - Off-side.
1:53 of 3rd period - Mike Comrie wins face-off versus Wayne Primeau in neutral zone.
2:20 of 3rd period - Shot by Wayne Primeau.
2:20 of 3rd period - Shot Blocked by Paul Martin.
2:56 of 3rd period - Off-side.
2:57 of 3rd period - Patrice Bergeron wins face-off versus Sergei Brylin in neutral zone.
3:10 of 3rd period - Shot by Marco Sturm.
3:10 of 3rd period - Stopped by Martin Brodeur without a rebound.
3:11 of 3rd period - Zach Parise wins face-off versus Sean Avery in Devils zone.
3:13 of 3rd period - Chris Campoli and Jiri Slegr fight to a draw.
3:13 of 3rd period - Penalty to Chris Campoli for Fighting.
3:13 of 3rd period - Penalty to Jiri Slegr for Fighting.
3:14 of 3rd period - Pavel Datsyuk wins face-off versus Patrik Elias in neutral zone.
4:12 of 3rd period - Icing by Paul Martin.
4:13 of 3rd period - Brian Gionta wins face-off versus Patrice Bergeron in Devils zone.
5:40 of 3rd period - Shot by Brian Gionta.
5:40 of 3rd period - Stopped by Alexander Auld without a rebound.
5:41 of 3rd period - Patrice Bergeron wins face-off versus John Madden in Bruins zone.
6:06 of 3rd period - Shot by Jamie Langenbrunner.
6:06 of 3rd period - Stopped by Alexander Auld with a rebound.
6:09 of 3rd period - Shot by John Madden.
6:09 of 3rd period - Shot Misses the Net.
6:14 of 3rd period - Shot by John Madden.
6:14 of 3rd period - Stopped by Alexander Auld without a rebound.
6:15 of 3rd period - Patrik Elias wins face-off versus Pavel Datsyuk in Bruins zone.
6:28 of 3rd period - Shot by Patrik Elias.
6:28 of 3rd period - Stopped by Alexander Auld without a rebound.
6:29 of 3rd period - Brian Gionta wins face-off versus Marco Sturm in Bruins zone.
8:01 of 3rd period - Icing by Paul Mara.
8:02 of 3rd period - Pavel Datsyuk wins face-off versus Mike Comrie in Bruins zone.
8:11 of 3rd period - Shot by Pavel Datsyuk.
8:11 of 3rd period - Shot Misses the Net.
8:12 of 3rd period - Shot by Paul Mara.
8:12 of 3rd period - Stopped by Martin Brodeur without a rebound.
8:13 of 3rd period - Sean Avery wins face-off versus Zach Parise in Devils zone.
8:14 of 3rd period - Shot by Jiri Slegr.
8:14 of 3rd period - Stopped by Martin Brodeur without a rebound.
8:15 of 3rd period - Sean Avery wins face-off versus Zach Parise in Devils zone.
8:43 of 3rd period - Zach Parise is hit by Sean Avery and loses puck.
9:15 of 3rd period - Shot by Jamie Langenbrunner.
9:15 of 3rd period - Stopped by Alexander Auld with a rebound.
9:16 of 3rd period - Shot by Colin White.
9:16 of 3rd period - Shot Blocked by P.J. Axelsson.
10:05 of 3rd period - Shot by Mike Ribeiro.
10:05 of 3rd period - Goal by Mike Comrie.
10:06 of 3rd period - Mike Comrie wins face-off versus Patrice Bergeron in neutral zone.
10:20 of 3rd period - Icing by Chris Chelios.
10:21 of 3rd period - Pavel Datsyuk wins face-off versus Mike Comrie in Devils zone.
10:49 of 3rd period - Icing by Mattias Norstrom.
10:50 of 3rd period - Pavel Datsyuk wins face-off versus Zach Parise in Bruins zone.
12:13 of 3rd period - Shot by Marco Sturm.
12:13 of 3rd period - Shot Misses the Net.
14:00 of 3rd period - Shot by Jay Pandolfo.
14:00 of 3rd period - Stopped by Alexander Auld with a rebound.
14:05 of 3rd period - Shot by Jamie Langenbrunner.
14:05 of 3rd period - Shot Blocked by Mattias Norstrom.
14:10 of 3rd period - Shot by Jamie Langenbrunner.
14:10 of 3rd period - Shot Misses the Net.
14:13 of 3rd period - Shot by Sergei Brylin.
14:13 of 3rd period - Stopped by Alexander Auld without a rebound.
14:14 of 3rd period - Patrice Bergeron wins face-off versus Zach Parise in Bruins zone.
14:31 of 3rd period - Shot by Shean Donovan.
14:31 of 3rd period - Stopped by Martin Brodeur without a rebound.
14:32 of 3rd period - Wayne Primeau wins face-off versus Zach Parise in Devils zone.
15:45 of 3rd period - Shot by Glen Murray.
15:45 of 3rd period - Stopped by Martin Brodeur without a rebound.
15:46 of 3rd period - Sean Avery wins face-off versus Scott Gomez in Devils zone.
16:01 of 3rd period - Shot by Shean Donovan.
16:01 of 3rd period - Shot Blocked by Brian Rafalski.
16:02 of 3rd period - Shot by Paul Mara.
16:02 of 3rd period - Stopped by Martin Brodeur without a rebound.
16:03 of 3rd period - Sergei Brylin wins face-off versus P.J. Axelsson in Devils zone.
16:03 of 3rd period - Jamie Langenbrunner is hit by Jiri Slegr and loses puck.
16:18 of 3rd period - Icing by Jiri Slegr.
16:19 of 3rd period - Zach Parise wins face-off versus Sean Avery in Bruins zone.
16:36 of 3rd period - Shot by Chris Campoli.
16:36 of 3rd period - Stopped by Alexander Auld without a rebound.
16:37 of 3rd period - Mike Comrie wins face-off versus Patrice Bergeron in Bruins zone.
16:43 of 3rd period - Minor Penalty to Zdeno Chara for Cross-checking.
16:44 of 3rd period - Wayne Primeau wins face-off versus Mike Comrie in Bruins zone.
16:54 of 3rd period - Off-side.
16:55 of 3rd period - Scott Gomez wins face-off versus Wayne Primeau in neutral zone.
16:58 of 3rd period - Shot by Scott Gomez.
16:58 of 3rd period - Shot Blocked by Brian Leetch.
17:01 of 3rd period - Shot by Patrik Elias.
17:01 of 3rd period - Shot Hit the Post.
17:51 of 3rd period - Icing by Mike Ribeiro.
17:52 of 3rd period - Mike Comrie wins face-off versus Rick Nash in Devils zone.
18:14 of 3rd period - Icing by Paul Martin.
18:15 of 3rd period - Rick Nash wins face-off versus Mike Comrie in Devils zone.
19:04 of 3rd period - Devils,Martin Brodeur is pulled from the net.
19:13 of 3rd period - Icing by Jiri Slegr.
19:14 of 3rd period - Sean Avery wins face-off versus Zach Parise in Bruins zone.
19:39 of 3rd period - Shot by John Madden.
19:39 of 3rd period - Stopped by Alexander Auld without a rebound.
19:40 of 3rd period - Miroslav Satan wins face-off versus Patrice Bergeron in Bruins zone.
19:52 of 3rd period - Miroslav Satan is hit by Glen Murray and loses puck.


Output by the SimonT Hockey Simulator (STHS) for Stephane Roy -- Original Page W3C XHTML 1.0 Valid